 Dungeon Crawl Stone Soup version 0.31-a0-840-g6d2ecbb638 (webtiles) character file.

Game seed: 15748010894607992703

119 BinkBink the Trooper (level 4, -1/41 HPs)
             Began as a Minotaur Monk on Sept 27, 2023.
             Slain by andwaal's ghost (8 damage)
             ... on level 3 of the Dungeon.
             The game lasted 00:03:01 (1940 turns).

BinkBink the Trooper (Minotaur Monk)                Turns: 1940, Time: 00:03:02

Health: -1/41      AC:  2    Str: 17    XL:     4   Next: 73%
Magic:  3/3        EV: 13    Int:  7    God:
Gold:   105        SH:  0    Dex: 13    Spells: 3/3 levels left

rFire   . . .        a - +0 mace
rCold   . . .        d - orb {light}
rNeg    . . .        b - +0 robe
rPois   .            (helmet restricted)
rElec   .            (no cloak)
rCorr   .            (no gloves)
SInv    .            (no boots)
Will    .....        (no amulet)
Stlth   +            (no ring)
HPRegen 0.26/turn    (no ring)
MPRegen 0.08/turn

%: no passive effects
@: glowing
A: horns 2, retaliatory headbutt
a: no special abilities


You were on level 3 of the Dungeon.
You visited 1 branch of the dungeon, and saw 3 of its levels.

You collected 105 gold pieces.

Inventory:

Hand Weapons
 a - a +0 mace (weapon)
Armour
 b - a +0 robe (worn)
 d - an orb of light (worn)
Jewellery
 p - a ring of see invisible
Talismans
 m - a maw talisman
Scrolls
 g - a scroll of fear {unknown}
 h - 4 scrolls of identify {unknown}
 i - a scroll of enchant armour {unknown}
 j - 4 scrolls of teleportation {unknown}
 k - a scroll of amnesia {unknown}
 n - a scroll of brand weapon {unknown}
Potions
 c - a potion of ambrosia
 e - a potion of haste {unknown}
 f - 2 potions of curing {unknown}
 l - a potion of mutation {unknown}
 o - a potion of might {unknown}


   Skills:
 + Level 4.9 Fighting
 + Level 4.8 Maces & Flails
 + Level 4.4 Dodging


You had 3 spell levels left.
You didn't know any spells.
Your spell library contained the following spells:

 Spells                   Type           Power      Damage    Failure   Level
 Sublimation of Blood     Necr           0%         N/A       56%         2
 Wereblood                Tmut           0%         N/A       56%         2
 Summon Hydra             Summ           0%         N/A       100%        7


Dungeon Overview and Level Annotations

Branches:
Dungeon (3/15)

Altars:
Fedhas
Ru
Trog
Vehumet
The Shining One

Shops:
D:2 :

Annotations:
D:3 andwaal's ghost, amateur OpBe


Innate Abilities, Weirdness & Mutations

You have a pair of horns on your head.
You reflexively headbutt those who attack you in melee.


Message History

You hit the orc but do no damage. You thump the orc!
You kill the orc!
The orc hits you but does no damage. The orc closely misses you.
The orc barely misses you.
You hit the orc.
The orc is moderately wounded.
The orc hits you with a +0 dagger. The orc misses you.
You thump the orc!
You kill the orc!
The orc hits you with a +0 dagger. The orc hits you with a +6 long sword!
You hit the orc. You headbutt the orc.
The orc is almost dead.
The orc misses you. The orc barely misses you.
You hit the orc.
You kill the orc!
The orc closely misses you. The orc misses you.
The orc hits you but does no damage.
You completely miss the orc. You headbutt the orc.
The orc is lightly wounded.
The orc hits you but does no damage. The orc closely misses you.
The orc barely misses you. The orc hits you but does no damage.
You completely miss the orc.
The orc is lightly wounded.
The orc barely misses you. The orc closely misses you.
The orc hits you with a +0 dagger. The orc misses you.
You barely miss the orc.
The orc is lightly wounded.
The orc barely misses you. x2; You furiously retaliate!
You headbutt the orc!
You kill the orc!
The orc closely misses you. You furiously retaliate!
You headbutt the orc!
You kill the orc!
The orc closely misses you. The orc hits you with a +6 long sword.
The orc hits you with a +0 club.
You hit the orc but do no damage. The orc closely misses you.
You furiously retaliate!
You headbutt the orc. The orc hits you with a +6 long sword!
* * * LOW HITPOINT WARNING * * *
Andwaal's ghost hits you!
You die...

#.#.###......#
#....#..##.#..
#######.#.####.#.#
######8.# #...####.#.# 8
....#..# #.#.#.......
..##..#..# #.#.#.##....
..8#..#..# #.#.#.##....
..##..#..# #.#.#.##....
....#.#@)# #.#.#.##.###
[...#.Woo####.#.#....###
_.8.#.'.................
[.[.#.'.[##.#...........
....#.#..##.########.###
..##..#..##.# #.#
..8#..#..##.# #.#
..##..#..##.# #####.#
8.....#..##.# #.....###


You could see andwaal's ghost and 2 orcs.

Vanquished Creatures
  An orc wizard (D:3)
  A gnoll (D:1)
  2 adders (D:3)
  A worm (D:2)
  A dart slug (D:1)
  7 orcs (D:3)
  5 bats
  2 endoplasms (D:2)
  4 goblins
  3 hobgoblins (D:1)
  4 jackals (D:2)
  6 kobolds
  2 quokkas (D:2)
  8 ball pythons
  3 frilled lizards
  5 rats
55 creatures vanquished.

Notes
Turn   | Place    | Note
-------+----------+-------------------------------------------
     0 | D:1      | BinkBink the Minotaur Monk began the quest for the Orb.
     0 | D:1      | Reached XP level 1. HP: 19/19 MP: 0/0
    45 | D:1      | Reached XP level 2. HP: 10/27 MP: 1/1
   749 | D:2      | Reached XP level 3. HP: 31/33 MP: 2/2
   818 | D:2      | Found a glowing golden altar of the Shining One.
  1446 | D:2      | Found Fyworups's Book Shop.
  1564 | D:3      | Reached XP level 4. HP: 37/41 MP: 3/3
  1724 | D:3      | Found a runed translucent gate.
  1724 | D:3      | Found a runed translucent gate.
  1725 | D:3      | Found a runed translucent gate.
  1758 | D:3      | Found a sacrificial altar of Ru.
  1759 | D:3      | Found a blossoming altar of Fedhas.
  1759 | D:3      | Found a bloodstained altar of Trog.
  1761 | D:3      | Found a radiant altar of Vehumet.
  1913 | D:3      | Noticed andwaal's ghost (amateur OpBe)
  1918 | D:3      | Identified the +6 scale mail of Fich {rC- Will+ Regen+}
  1940 | D:3      | Slain by andwaal's ghost

Illustrated notes

Levels and vault maps discovered:
D:1:      lightli_arrival_farm, layout_basic, serial_forest,
          infiniplex_forest_clump_diagonal, infiniplex_forest_3_way,
          infiniplex_forest_straight_2, infiniplex_forest_lined_room_2,
          infiniplex_forest_clump_cross, infiniplex_forest_clump_small,
          infiniplex_forest_end_3
D:2:      layout_loops_ring, serial_shops, nicolae_shop_just_a_little_nook,
          basic_altar
D:3:      layout_loops_ring, grunt_temple_overflow_open, amcnicky_altar_gilded,
          biasface_ghost_orc_armoury, minmay_misc_feat_alley,
          lexackson_kobold_supper

Skill      XL: |  1  2  3 |
---------------+----------+-----
Fighting       | 4 |  4.9
Maces & Flails | 4 |  4.8
Dodging        | 4 |  4.4

Action                     |  1- 3 |  4- 6 || total
---------------------------+-------+-------++-------
  Melee: Mace              |    62 |    25 ||    87
         Headbutt          |    13 |     4 ||    17
 Armour: Robe              |    29 |    18 ||    47
  Dodge: Dodged            |    41 |    25 ||    66

Table legend: (Time is in decaauts)
 A = Elapsed time spent in this place.
 B = Non-inter-level travel time spent in this place.
 C = Inter-level travel time spent in this place.
 D = Time resting spent in this place.
 E = Time spent auto-exploring this place.
 F = Levels seen in this place.
 G = Mean time per level.
                   A        B        C        D        E       F      G
               +--------+--------+--------+--------+--------+-----+--------+
         Total |   1978 |   1933 |     45 |      0 |   1647 |   3 |  659.3 |
       Dungeon |   1978 |   1933 |     45 |      0 |   1647 |   3 |  659.3 |
               +--------+--------+--------+--------+--------+-----+--------+

Top non-repeatable levels by time:
     D:2: 773 daAuts
     D:1: 759 daAuts
     D:3: 444 daAuts
